 Dungeon Crawl Stone Soup version 0.31-a0-844-gdc52ec4e09 (webtiles) character file.

Game seed: 14441394373089155229

87 javelincjr the Conjurer (level 4, -3/27 HPs)
             Began as an Octopode Conjurer on Sept 29, 2023.
             Slain by an ufetubus (4 damage)
             ... on level 4 of the Dungeon.
             The game lasted 00:08:10 (2713 turns).

javelincjr the Conjurer (Octopode Conjurer)         Turns: 2713, Time: 00:08:11

Health: -3/27      AC:  1    Str: 12    XL:     4   Next: 51%
Magic:  5/8        EV: 12    Int: 22    God:
Gold:   148        SH:  8    Dex: 10    Spells: 5/8 levels left

rFire   . . .        j - +0 trident
rCold   . . .        c - +0 buckler
rNeg    . . .        (helmet restricted)
rPois   .            i - amulet of reflection
rElec   .            s - +6 ring of strength
rCorr   .            (no ring)
SInv    .            (no ring)
Will    .....        (no ring)
Stlth   +++          (no ring)
HPRegen 0.24/turn    (no ring)
MPRegen 0.11/turn    (no ring)
                     (no ring)

%: reflection
@: no status effects
A: almost no armour, amphibious, 8 rings, camouflage 1, gelatinous body 1,
(nimble swimmer 1), tentacles
a: no special abilities


You were on level 4 of the Dungeon.
You visited 1 branch of the dungeon, and saw 4 of its levels.

You collected 148 gold pieces.

Inventory:

Hand Weapons
 j - a +0 trident (weapon)
 x - a +2 falchion of holy wrath
Missiles
 b - 25 stones
Armour
 c - a +0 buckler (worn)
Magical Staves
 e - a staff of poison
Jewellery
 i - an amulet of reflection (around mantle)
 s - a +6 ring of strength (left tentacle)
Wands
 q - a wand of mindburst (13)
 w - a wand of polymorph (6)
Scrolls
 h - a scroll of fog {unknown}
 k - a scroll of revelation {unknown}
 l - 2 scrolls of torment {unknown}
 n - a scroll of poison {unknown}
 o - a scroll of blinking {unknown}
 p - a scroll of identify {unknown}
 v - a scroll of teleportation {unknown}
Potions
 a - 2 potions of magic
 d - 2 potions of curing {unknown}
 f - a potion of enlightenment {unknown}
 g - a potion of haste {unknown}
 m - 2 potions of resistance {unknown}
 r - a potion of invisibility {unknown}
 t - 2 potions of attraction {unknown}
 u - 2 potions of heal wounds {unknown}


   Skills:
 + Level 2.6 Dodging
 + Level 3.8 Stealth
 + Level 1.1 Shields
 * Level 2.9 Spellcasting
 + Level 4.3 Conjurations


You had 5 spell levels left.
You knew the following spells:

 Your Spells              Type           Power      Damage    Failure   Level
a - Magic Dart            Conj           88%        1d7       3%          1
b - Searing Ray           Conj           44%        2d6       4%          2

Your spell library contained the following spells:

 Spells                   Type           Power      Damage    Failure   Level
 Apportation              Tloc           6%         N/A       19%         1
 Necrotise                Necr           12%        1d4       19%         1
 Summon Small Mammal      Summ           12%        N/A       19%         1
 Dazzling Flash           Conj/Hex       24%        N/A       22%         3
 Blink                    Tloc           6%         N/A       26%         2
 Vampiric Draining        Necr           3%         2d6       47%         3
 Fulminant Prism          Conj/Hex       6%         3d7       58%         4
 Iskenderun's Mystic Bla  Conj/Tloc      12%        2d5       58%         4
 Manifold Assault         Tloc           3%         N/A       87%         4
 Agony                    Necr           3%         N/A       99%         5


Dungeon Overview and Level Annotations

Branches:
Dungeon (4/15)
 Temple: D:4-7

Altars:
Okawaru

Shops:
D:2 *


Innate Abilities, Weirdness & Mutations

You cannot wear most types of armour.
You are amphibious.
You can wear up to eight rings at the same time.
Your skin changes colour to match your surroundings (Stealth+).
Your rubbery body absorbs attacks. (AC +1, EV +1)
((You are camouflaged when in or above water. (Stealth+)))
You have tentacles for arms and can constrict up to eight enemies at once.


Message History

Done exploring.
There is a stone staircase leading down here.
Search for what [Enter for "."]? .
You climb downwards.
Found a ring mail.
There is a stone staircase leading up here.
An ufetubus comes into view.
No target in view!
No target in view!
You reach to attack!
You barely miss the ufetubus.
The ufetubus shouts!
The ufetubus hits you. x2
You barely miss the ufetubus. Your grab misses the ufetubus.
Your squeeze misses the ufetubus. The ufetubus misses you. x2
The ufetubus hits you. The ufetubus closely misses you.
You closely miss the ufetubus. Your grab misses the ufetubus.
The ufetubus barely misses you. The ufetubus hits you.
A goblin comes into view. It is wielding a +0 club.
The ufetubus hits you. You block the ufetubus's attack.
You are too injured to fight recklessly!
You miss the ufetubus. Your grab misses the ufetubus.
The ufetubus closely misses you. The ufetubus hits you.
* * * LOW HITPOINT WARNING * * *
You block the ufetubus's attack. The ufetubus barely misses you.
Casting: Magic Dart (safe; 3% risk of failure)
Confirm with . or Enter, or press ? or * to list all spells.
Aiming: Searing Ray (safe; 4% risk of failure)
Press: ? - help, Shift-Dir - straight line, f/p - ufetubus
Aim: an ufetubus (63% to hit)
The searing ray misses the ufetubus. (Press . to maintain the ray.)
You block the ufetubus's attack. The ufetubus barely misses you.
The ufetubus hits you.
* * * LOW HITPOINT WARNING * * *
The ufetubus hits you.
* * * LOW HITPOINT WARNING * * *
The searing ray hits the ufetubus.
The ufetubus is severely wounded.
You block the ufetubus's attack. The ufetubus hits you.
You die...

................
..#...............
.................
...........#.... .
..[............ ...
#.. #..<.......
#..#.. #.....#....
##.....###.........
......5@......###..
.......###....#
....... ..#...#
....... .###..#
.....g. .# #...
#####.# . #... ..
.# #.. ..


You could see an ufetubus and a goblin.

Vanquished Creatures
  Robin (D:3)
  An adder (D:3)
  2 bats
  6 endoplasms (D:2)
  2 giant cockroaches
  9 hobgoblins
  5 jackals
  4 quokkas
  4 ball pythons
  A frilled lizard (D:1)
  13 goblins
  6 kobolds
  6 rats
60 creatures vanquished.

Notes
Turn   | Place    | Note
-------+----------+-------------------------------------------
     0 | D:1      | javelincjr the Octopode Conjurer began the quest for the
                  | Orb.
     0 | D:1      | Reached XP level 1. HP: 11/11 MP: 3/3
   149 | D:1      | Reached XP level 2. HP: 11/17 MP: 0/5
  1207 | D:2      | Learned a level 2 spell: Searing Ray
  1260 | D:2      | Reached XP level 3. HP: 19/21 MP: 6/6
  1370 | D:2      | Found Ockyv's General Store.
  2050 | D:3      | Found an iron altar of Okawaru.
  2195 | D:3      | Reached XP level 4. HP: 27/27 MP: 8/8
  2424 | D:3      | Noticed Robin
  2518 | D:3      | Reached skill level 1 in Shields
  2527 | D:3      | Killed Robin
  2712 | D:4      | HP: 1/27 [ufetubus (1)]
  2713 | D:4      | Slain by an ufetubus

Illustrated notes

Levels and vault maps discovered:
D:1:      dpeg_arrival_arbitrary_a, layout_basic, kennysheep_pointless_box,
          minmay_small_reverse_x
D:2:      layout_rooms, serial_shops, nicolae_diamond_shop, minmay_diced_spiral
D:3:      layout_loops_ring, okawaru_trees_1, uniq_robin
D:4:      layout_rooms, chequers_temple_overflow_statue_of_worship,
          serial_rivers, chequers_serial_rivers_micro_b,
          chequers_serial_rivers_room_a, chequers_serial_rivers_micro_a,
          chequers_serial_rivers_marsh, chequers_serial_rivers_micro_e,
          dk_noncrumbling_3, minmay_a_box_with_orc_wizards_in_it

Skill      XL: |  1  2  3  4 |
---------------+-------------+-----
Stealth        | 3 |  3.8
Shields        | 1 |  1.1
Dodging        | |  2.6
Spellcasting   | |  2.9
Conjurations   | |  4.3

Action                     |  1- 3 |  4- 6 || total
---------------------------+-------+-------++-------
  Melee: Unarmed           |    39 |       ||    39
         Constrict         |    18 |     2 ||    20
         Tentacles         |    14 |     2 ||    16
         Trident           |    32 |    27 ||    59
   Cast: Magic Dart        |    44 |    10 ||    54
         Searing Ray       |       |     2 ||     2
   Stab: Sleeping          |     9 |     4 ||    13
 Armour: Skin              |    33 |    17 ||    50
  Dodge: Dodged            |    46 |    16 ||    62
  Block: Buckler           |    10 |    13 ||    23
         Reflection        |       |     3 ||     3

Table legend: (Time is in decaauts)
 A = Elapsed time spent in this place.
 B = Non-inter-level travel time spent in this place.
 C = Inter-level travel time spent in this place.
 D = Time resting spent in this place.
 E = Time spent auto-exploring this place.
 F = Levels seen in this place.
 G = Mean time per level.
                   A        B        C        D        E       F      G
               +--------+--------+--------+--------+--------+-----+--------+
         Total |   2736 |   2616 |    120 |     83 |   2080 |   4 |  684.0 |
       Dungeon |   2736 |   2616 |    120 |     83 |   2080 |   4 |  684.0 |
               +--------+--------+--------+--------+--------+-----+--------+

Top non-repeatable levels by time:
     D:1: 1127 daAuts
     D:3: 885 daAuts
     D:2: 711 daAuts
     D:4: 12 daAuts
